 Dungeon Crawl Stone Soup version 0.30.1-4-g462c640d31 (webtiles) character file.

Game seed: 2731033319063187774

276 MrPagan1517 the Chopper (level 6, -4/53 HPs)
             Began as a Hill Orc Fighter on Sept 19, 2023.
             Slain by Pikel
             ... wielding a +2 whip of flaming
              (10 damage)
             ... on level 4 of the Dungeon.
             The game lasted 00:03:40 (2068 turns).

MrPagan1517 the Chopper (Hill Orc Fighter)          Turns: 2068, Time: 00:03:41

Health: -4/53      AC:  8    Str: 21    XL:     6   Next: 25%
Magic:  6/6        EV:  9    Int:  8    God:
Gold:   88         SH:  4    Dex: 10    Spells: 5/5 levels left

rFire   . . .        a - +0 war axe
rCold   . . .        c - +0 buckler
rNeg    . . .        b - +1 scale mail
rPois   .            (no helmet)
rElec   .            (no cloak)
rCorr   .            (no gloves)
SInv    .            (no boots)
Will    .....        (no amulet) Stlth
                     (no ring)
HPRegen 0.28/turn    (no ring)
MPRegen 0.10/turn

%: no passive effects
@: no status effects
A: no striking features
a: no special abilities


You were on level 4 of the Dungeon.
You visited 1 branch of the dungeon, and saw 4 of its levels.

You collected 88 gold pieces.

Inventory:

Hand Weapons
 a - a +0 war axe (weapon)
Armour
 b - a +1 scale mail (worn)
 c - a +0 buckler (worn)
Jewellery
 f - a ring of positive energy
Scrolls
 j - a scroll of teleportation
 l - a scroll of blinking
Potions
 d - a potion of might
 e - a potion of haste
 g - a potion of invisibility
 h - a potion of magic
 i - a potion of berserk rage {unknown}
 k - 2 potions of curing {unknown}


   Skills:
 + Level 4.5 Fighting
 + Level 5.7 Axes
 + Level 4.9 Armour
 + Level 0.9 Dodging
 + Level 0.1 Stealth
 + Level 3.8 Shields


You had 5 spell levels left.
You didn't know any spells.
Your spell library contained the following spells:

 Spells                   Type           Power      Damage    Failure   Level
 Gell's Gravitas          Tloc           0%         N/A       99%         3
 Teleport Other           Tloc           0%         N/A       99%         3
 Vhi's Electric Charge    Tloc/Air       0%         N/A       99%         3
 Arcjolt                  Conj/Air       0%         1d10      100%        5
 Dispersal                Tloc           0%         N/A       100%        6
 Plasma Beam              Fire/Air       0%         2x1d11    100%        6


Dungeon Overview and Level Annotations

Branches:
Dungeon (4/15)
 Temple: D:4-7

Altars:
Elyvilon
Ru
Uskayaw
Xom
The Shining One

Annotations:
D:4 Pikel


Message History

You are too injured to fight recklessly!
You are too injured to fight recklessly!
You hit the lemure.
The lemure is severely wounded.
The lemure hits you but does no damage.
You closely miss the lemure.
The lemure is severely wounded.
The lemure closely misses you. The lemure hits you but does no damage.
You barely miss the lemure.
The lemure is severely wounded.
The lemure barely misses you.
You hit the lemure.
The lemure is almost dead.
The lemure hits you!
* * * LOW HITPOINT WARNING * * *
You slash the lemure!
You kill the lemure!
That felt strangely unrewarding.
You closely miss the lemure.
The lemure is lightly wounded.
You hit Pikel.
Pikel is heavily wounded.
You block Pikel's attack.
You closely miss Pikel.
Pikel is heavily wounded.
Pikel hits you with a +2 whip of flaming.
* * * LOW HITPOINT WARNING * * *
Pikel burns you.
* * * LOW HITPOINT WARNING * * *
You completely miss Pikel.
Pikel is heavily wounded.
Pikel hits you with a +2 whip of flaming.
* * * LOW HITPOINT WARNING * * *
Pikel burns you.
* * * LOW HITPOINT WARNING * * *
You closely miss Pikel.
Pikel is moderately wounded.
Pikel closely misses you.
Pikel hits you with a +2 whip of flaming!
You die...

#........ . #....##'# ..
#....#... ...######
#####....#... ........#
#........#... .......5#
#..<.....#... ......K5#
#........+...
......5K#+###........#.##
########@?....#########
#......# #......#
#......# #......#
#......# #......#
########


You could see Pikel, 3 lemures and a kobold.

Vanquished Creatures
  A black bear (D:4)
  A lemure (D:4)
  A jelly (D:3)
  4 adders
  3 gnolls (D:4)
  6 dart slugs
  3 orcs (D:2)
  6 bats
  13 endoplasms
  2 giant cockroaches (D:1)
  8 goblins
  4 hobgoblins
  3 jackals (D:2)
  4 quokkas
  3 ball pythons
  4 frilled lizards
  5 kobolds
  3 rats
74 creatures vanquished.

Notes
Turn   | Place    | Note
-------+----------+-------------------------------------------
     0 | D:1      | MrPagan1517 the Hill Orc Fighter began the quest for the
                  | Orb.
     0 | D:1      | Reached XP level 1. HP: 19/19 MP: 1/1
    35 | D:1      | Reached XP level 2. HP: 22/26 MP: 2/2
   203 | D:1      | Reached skill level 3 in Axes
   300 | D:1      | Reached XP level 3. HP: 27/33 MP: 3/3
   668 | D:2      | Reached XP level 4. HP: 38/40 MP: 4/4
   855 | D:2      | Reached skill level 4 in Axes
  1252 | D:3      | Reached XP level 5. HP: 34/46 MP: 5/5
  1413 | D:3      | Found a basalt altar of Yredelemnul.
  1416 | D:3      | Found a shimmering altar of Xom.
  1416 | D:3      | Found a sacrificial altar of Ru.
  1418 | D:3      | Found a glowing golden altar of the Shining One.
  1418 | D:3      | Found a hide-covered altar of Uskayaw.
  1418 | D:3      | Found a white marble altar of Elyvilon.
  1688 | D:3      | Found a sacrificial altar of Ru.
  1952 | D:4      | Reached skill level 5 in Axes
  1952 | D:4      | Noticed a black bear
  1956 | D:4      | Killed a black bear
  1957 | D:4      | Reached XP level 6. HP: 41/53 MP: 6/6
  2049 | D:4      | Noticed Pikel
  2068 | D:4      | Slain by Pikel

Illustrated notes

Levels and vault maps discovered:
D:1:      scummos_arrival_star, layout_basic
D:2:      layout_rooms, serial_shops, nicolae_shop_tiny_real_fake_doors,
          minmay_misc_feat_hallway, minmay_diced_spiral
D:3:      layout_basic, doesnt_xom_only_xom, mainiacjoe_overflow_catwalk
D:4:      layout_gridville, grunt_dithmenos_smoke,
          mainiacjoe_overflow_tiny_flanked, tgw_kikubaaqudgha,
          okawaru_gym_becter, minmay_curled_crystal, uniq_menkaure, uniq_pikel,
          uniq_natasha

Skill      XL: |  1  2  3  4  5 |
---------------+----------------+-----
Axes           | 3 4 5 |  5.7
Armour         | 4 |  4.9
Fighting       | 4 |  4.5
Dodging        | |  0.9
Stealth        | |  0.1
Shields        | |  3.8

Action                     |  1- 3 |  4- 6 || total
---------------------------+-------+-------++-------
  Melee: War axe           |   107 |   125 ||   232
    Use: Scroll            |     2 |     5 ||     7
 Armour: Scale mail        |    62 |    63 ||   125
  Dodge: Dodged            |    58 |    65 ||   123
  Block: Buckler           |    29 |    24 ||    53
